Map: Ultralove

Players

iPlayDefense - Winner!

  • Race: Terran Terran
  • League: Bronze
  • Spawn Location: 1:00

VOD

Have the link to the VOD?

Description

Time

  • Played on: April 13, 2025, 10:06 a.m.
  • Length: 13:30
Show
View Real Time Build Order
Export as new Build Order

iPlayDefense Terran - Winner!

Build Orders:  

Get SALT Encoding   

  12  0:00  SCV  
  13  0:21  Supply Depot  
  13  0:34  Refinery  
  13  0:54  Barracks  
  13  0:56  SCV  
  14  1:15  Supply Depot  
  14  1:26  SCV  
  15  1:42  SCV  
  17  2:02  Barracks Reactor  
  17  2:05  Orbital Command  
  16  2:48  Command Center  
  16  2:55  Marine x2  
  18  3:07  SCV  
  19  3:24  SCV  
  20  3:43  Factory  
  20  3:56  Barracks  
  20  3:59  Barracks  
  20  4:03  SCV  
  21  4:20  SCV  
  22  4:37  SCV  
  23  4:43  Supply Depot  
  23  4:45  Factory Tech Lab  
  23  4:57  Orbital Command  
  23  5:01  SCV  
  23  5:06  Barracks Tech Lab x2  
  24  5:13  Refinery  
  24  5:18  Siege Tank, SCV  
  28  5:23  Marine x2  
  30  5:49  SCV x2  
  32  5:51  Marine  
  32  5:52  Marine x3  
  36  6:04  Supply Depot  
  36  6:06  SCV  
  37  6:51  Supply Depot  
  37  7:13  Engineering Bay, Armory  
  37  7:23  SCV x2  
  37  7:24  Marine  
  37  7:25  Marine x3  
  37  7:28  Siege Tank  
  47  7:40  SCV x2  
  46  7:44  Stimpack  
  48  7:50  Marauder x2  
  48  7:56  SCV  
  53  8:00  Command Center  
  53  8:05  Starport  
  53  8:13  Siege Tank, Unknown  
  56  8:20  Marauder  
  55  8:57  SCV x2  
  55  8:58  Marine  
  55  8:59  Marine x3  
  61  9:00  Siege Tank  
  61  9:07  Starport Reactor  
  64  9:14  SCV x2  
  66  9:23  Marine, Refinery  
  66  9:24  Marauder  
  66  9:29  Refinery  
  69  9:34  Supply Depot  
  69  9:40  Marauder  
  71  10:06  Supply Depot  
  71  10:10  SCV x2, Marine  
  71  10:11  Marine x3  
  71  10:13  Siege Tank  
  80  10:22  Medivac  
  80  10:27  SCV  
  83  10:35  Marine  
  83  10:36  Marauder x2  
  83  10:38  Supply Depot  
  88  10:40  Orbital Command  
  88  11:06  Marauder  
  90  11:37  SCV x3  
  90  11:38  Marine  
  90  11:39  Marine x3  
  97  11:42  Thor  
  97  11:47  Medivac  
  105  11:54  SCV x2  
  107  12:03  Marine  
  108  12:39  Siege Tank x3  
  108  12:51  Marauder  
  108  12:56  Marauder  
Tags
 
League
Bronze
Matchup
Co-op
Replay Pack
DaveSC2
Add a new tag
Caveats
  • Supply blocks, unpowered buildings, or Contaminate may cause inaccurate times.
  • Supply counts are checked every 10 seconds.